[ AOE2 MATCH · #505979206 ]
UnrankedBritons vs Teutons
Player's team · LOSS
Rival team · WIN
[ REPLAY ANALYSIS · EXTRACTED FROM THE RECORDED GAME ]
Feudal
9:22
Castle
—
Imperial
—
| APM avg | 46.8 |
| APM peak | 90 |
| eAPM avg | 21.9 |
| Villagers / military | 30 / 0 |
Focus
⚔️ 27.4% · 🌾 72.6%
Feudal
—
Castle
—
Imperial
—
| APM avg | 49.6 |
| APM peak | 81 |
| eAPM avg | 21.1 |
| Villagers / military | 18 / 0 |
Focus
⚔️ 39.4% · 🌾 60.6%
Match map
Initial resources + every placement click. Lines = walls · curves = elevation contours. ◆ gold · ⬟ stone · ● berries · ✦ relic · ◌ wall gap
Your base
WyoDan2's base
Smoothed initial terrain · ◌ = detected wall gap · hover for details
Inputs per minute
— [CL] Al3jandr0.magn00 - - WyoDan2
Build order — [CL] Al3jandr0.magn00
44 actions detected in the replay
| 0:01 | Queue | Villager (Male) |
| 0:01 | Queue | Villager (Male) |
| 0:01 | Queue | Villager (Male) |
| 0:02 | Build | House |
| 0:03 | Build | House |
| 0:10 | Queue | Villager (Male) |
| 0:10 | Queue | Villager (Male) |
| 1:19 | Queue | Villager (Male) |
| 1:20 | Queue | Villager (Male) |
| 1:52 | Queue | Villager (Male) |
| 1:52 | Queue | Villager (Male) |
| 1:56 | Build | Lumber Camp |
| 2:01 | Queue | Villager (Male) |
| 2:01 | Queue | Villager (Male) |
| 2:36 | Queue | Villager (Male) |
| 2:36 | Queue | Villager (Male) |
| 2:48 | Queue | Villager (Male) |
| 3:17 | Queue | Villager (Male) |
| 3:17 | Queue | Villager (Male) |
| 3:20 | Build | House |
| 3:25 | Queue | Villager (Male) |
| 3:49 | Queue | Villager (Male) |
| 4:12 | Queue | Villager (Male) |
| 4:13 | Queue | Villager (Male) |
| 4:18 | Build | Mill |
| 4:44 | Queue | Villager (Male) |
| 4:58 | Queue | Villager (Male) |
| 5:15 | Queue | Villager (Male) |
| 5:54 | Build | House |
| 6:09 | Research | Loom |
| 7:12 | Research | Feudal Age |
| 7:26 | Build | Mining Camp |
| 7:46 | Queue | Villager (Male) |
| 8:12 | Build | House |
| 8:37 | Build | Palisade Gate |
| 8:40 | Build | House |
| 9:22 | Age | Feudal Age |
| 9:41 | Queue | Villager (Male) |
| 9:46 | Queue | Villager (Male) |
| 9:46 | Queue | Villager (Male) |
| 10:00 | Build | House |
| 10:22 | Queue | Villager (Male) |
| 10:23 | Queue | Villager (Male) |
| 10:57 | Queue | Villager (Male) |
Build order — WyoDan2
33 actions detected in the replay
| 0:00 | Queue | Villager (Male) |
| 0:00 | Queue | Villager (Male) |
| 0:01 | Queue | Villager (Male) |
| 0:02 | Build | House |
| 0:02 | Build | House |
| 0:15 | Queue | Villager (Male) |
| 1:23 | Queue | Villager (Male) |
| 1:58 | Build | Lumber Camp |
| 2:07 | Queue | Villager (Male) |
| 2:16 | Queue | Villager (Male) |
| 2:18 | Build | House |
| 2:56 | Queue | Villager (Male) |
| 3:20 | Queue | Villager (Male) |
| 4:01 | Queue | Villager (Male) |
| 4:19 | Build | House |
| 4:24 | Queue | Villager (Male) |
| 4:46 | Queue | Villager (Male) |
| 5:14 | Queue | Villager (Male) |
| 5:14 | Queue | Villager (Male) |
| 5:35 | Queue | Villager (Male) |
| 5:35 | Research | Loom |
| 7:20 | Build | Town Center |
| 7:28 | Build | Mill |
| 7:38 | Build | Palisade Wall |
| 7:40 | Build | Palisade Wall |
| 7:43 | Build | Palisade Wall |
| 8:31 | Queue | Villager (Male) |
| 9:01 | Build | Palisade Wall |
| 9:18 | Queue | Villager (Male) |
| 10:24 | Queue | Villager (Male) |
| 10:26 | Build | Palisade Wall |
| 10:34 | Build | Palisade Wall |
| 10:34 | Build | Palisade Wall |
Match timeline
| 7:38 | WyoDan2 · wall_segment Palisade Wall x1 |
| 7:40 | WyoDan2 · wall_segment Palisade Wall x1 |
| 7:43 | WyoDan2 · wall_segment Palisade Wall x1 |
| 9:01 | WyoDan2 · wall_segment Palisade Wall x1 |
| 9:22 | [CL] Al3jandr0.magn00 · age_up feudal |
| 10:26 | WyoDan2 · wall_segment Palisade Wall x1 |
| 10:34 | WyoDan2 · wall_segment Palisade Wall x1 |
| 10:34 | WyoDan2 · wall_segment Palisade Wall x1 |
| 11:10 | [CL] Al3jandr0.magn00 · resign |
[ AI ANALYSIS · 1 CREDIT ]
What really happened in this match?
Wolo.gg analyzes every decision: build order, eco, micro, common mistakes by bracket. Personalized analysis on WhatsApp or Discord in 30 seconds.
Civ guide
Britons
Perfil
Jugador #5571038